 Dungeon Crawl Stone Soup version 0.25.1-2-g60ff931df9 (webtiles) character file.

Game seed: 858394843086459207

7474 lorenzova the Thaumaturge (level 10, -6/50 HPs)
             Began as a Deep Elf Conjurer on Sept 16, 2020.
             Was a Believer of Vehumet.
             Mangled by a merfolk
             ... wielding a +0 spear
              (14 damage)
             ... on level 9 of the Dungeon.
             The game lasted 00:25:27 (12388 turns).

lorenzova the Thaumaturge (Deep Elf Conjurer)      Turns: 12388, Time: 00:25:28

Health: -6/50      AC:  2    Str:  5    XL:     10   Next: 94%
Magic:  16/27      EV: 13    Int: 24    God:    Vehumet [**....]
Gold:   479        SH:  5    Dex: 15    Spells: 19/31 levels left

rFire    + . .     SeeInvis .   b - +2 whip (flame)
rCold    x . .     Gourm    .   (no shield)
rNeg     . . .     Faith    .   a - +0 robe
rPois    .         Spirit   .   (no helmet)
rElec    .         Reflect  +   (no cloak)
rCorr    .         Harm     .   (no gloves)
MR       +....                  (no boots)
Stlth    ++........             L - amulet of reflection
HPRegen  0.16/turn              q - ring of fire
MPRegen  0.20/turn              (no ring)

@: studying Fighting
A: no striking features
a: Renounce Religion


You were on level 9 of the Dungeon.
You worshipped Vehumet.
Vehumet was pleased with you.
You were not hungry.

You visited 2 branches of the dungeon, and saw 10 of its levels.
You also visited: Bailey.

You collected 539 gold pieces.
You spent 60 gold pieces at shops.

Inventory:

Hand Weapons
 b - a +2 whip of flaming (weapon)
 m - a +0 hand axe of draining
Armour
 a - a +0 robe (worn)
Jewellery
 q - a ring of fire (left hand)
 x - an uncursed amulet of regeneration
 L - an amulet of reflection (around neck)
Wands
 v - a wand of disintegration (31)
 A - a wand of enslavement (7)
 C - a wand of flame (1)
 H - a wand of polymorph (5)
 J - a wand of iceblast (3)
Scrolls
 f - 5 scrolls of magic mapping
 g - 10 scrolls of remove curse
 h - 2 scrolls of teleportation
 i - 3 scrolls of enchant armour {unknown}
 l - 4 scrolls of blinking
 o - 2 scrolls of fear {unknown}
 u - a scroll of random uselessness {unknown}
 y - a scroll of fog {unknown}
 D - a scroll of identify
 F - 2 scrolls of immolation {unknown}
 G - 2 scrolls of enchant weapon {unknown}
 M - a scroll of amnesia {unknown}
 N - 3 scrolls of brand weapon {unknown}
Potions
 d - 7 potions of heal wounds
 e - 5 potions of curing
 j - 3 potions of might {unknown}
 k - 2 potions of mutation {unknown}
 n - a potion of brilliance {unknown}
 p - a potion of degeneration {unknown}
 r - 3 potions of haste
 s - a potion of lignification {unknown}
 t - 2 potions of invisibility {unknown}
 w - 2 potions of berserk rage {unknown}
 z - a potion of cancellation {unknown}
 B - a potion of resistance {unknown}
 E - 2 potions of flight {unknown}
Books
 I - a manual of Fighting
Comestibles
 c - 18 rations
 K - 5 chunks of flesh


   Skills:
 - Level 2.4 Dodging
 - Level 2.4 Stealth
 + Level 11.3 Spellcasting
 + Level 11.2 Conjurations
 - Level 9.0 Hexes
 + Level 7.7 Translocations
 + Level 5.1 Fire Magic


You had 19 spell levels left.
You knew the following spells:

 Your Spells              Type           Power        Failure   Level  Hunger
a - Magic Dart            Conj           ####         1%          1    None
b - Foxfire               Conj/Fire      ####         1%          1    None
c - Iskenderun's Mystic   Conj/Tloc      ######..     1%          4    None
d - Fulminant Prism       Conj/Hex       ######....   1%          4    None
z - Searing Ray           Conj           ######       1%          2    None

Your spell library contained the following spells:

 Spells                   Type           Power        Failure   Level  Hunger
 Shock                    Conj/Air       ####         1%          1    None
 Dazzling Flash           Conj/Hex       ######       1%          3    None
 Freeze                   Ice            ##..         4%          1    None
 Summon Butterflies       Summ           ##......     4%          1    None
 Hailstorm                Conj/Ice       #####...     4%          4    None
 Call Canine Familiar     Summ           ##......     14%         3    None
 Frozen Ramparts          Ice            ##....       14%         3    None
 Ozocubu's Armour         Chrm/Ice       ##......     14%         3    None
 Summon Mana Viper        Hex/Summ       #####...     21%         5    ####...
 Summon Ice Beast         Ice/Summ       ##......     41%         4    None
 Summon Hydra             Summ           ##........   100%        7    #######


Dungeon Overview and Level Annotations

Branches:
Dungeon (9/15)             Temple (1/1) D:6            Lair (0/6) D:9
 Bailey (visited)
    Orc: D:9-12

Altars:
Ashenzari
Cheibriados
Dithmenos
Elyvilon
Fedhas
Gozag
Hepliaklqana
Kikubaaqudgha
Makhleb
Nemelex Xobeh
Okawaru
Qazlal
Ru
Sif Muna
Trog
Uskayaw
Vehumet
Wu Jian
Xom
Yredelemnul
Zin
The Shining One
Beogh

Shops:
D:6 !

Annotations:
D:3 2 transporters
D:8 2 transporters
D:9 2 transporters, 3 runed translucent doors, sinister's ghost, novice GrFi


Message History

The searing ray hits the merfolk!
The merfolk is heavily wounded.
The merfolk misses you.
The searing ray misses the merfolk.
You block the merfolk's attack.
Casting: Searing Ray (safe; 1% risk of failure)
Confirm with . or Enter, or press ? or * to list all spells.
Aiming: Searing Ray (safe; 1% risk of failure)
Press: ? - help, Shift-Dir - straight line, f/p - merfolk
Aim: a merfolk, wielding a +0 spear (heavily wounded)
The searing ray misses the merfolk. (Press . to maintain the ray.)
You block the merfolk's attack.
The searing ray hits the merfolk!
The merfolk is severely wounded.
The merfolk hits you from afar with a +0 spear!!
* * * LOW HITPOINT WARNING * * *
The searing ray hits the merfolk!
The merfolk is almost dead.
The merfolk hits you from afar with a +0 spear!
You die...

#..###.## ####.# ## #.## ##.#
#....# . #..###.## #.#### #
.##.#.## #.# # ##
.###.#######.# #.##.
.#####..)....# ##.#..
...)..)...######## # ......
..#..#.##.##.....#†#(%# ##
.##.. .#...#.#..#
##@'m...###.###.##.
###...)#..##
#..#≈≈≈≈##.......##
.#...#.)©..#
##.########........#
...#########
#.....#.###........# ####
oooo...##....#............#
.#####...#.########.........
..[#o#....#.## #........#
.#..o....#o#..# ####.........
#.##o8.8.##.#..####...÷...#####


You could see a merfolk.

Vanquished Creatures
  A two-headed ogre (D:8)
  Pikel (D:6)
  Grinder (D:5)
  4 hippogriffs
  Prince Ribbit (D:7)
  A yak (D:9)
  A basilisk (D:9)
  A hungry ghost (D:8)
  A water moccasin (D:7)
  An ice beast (D:9)
  12 orc warriors
  2 sky beasts
  A phantom (D:4)
  4 ogres
  10 centaurs
  A crocodile (D:9)
  Blork the orc (D:5)
  A big kobold (D:9)
  3 bullfrogs
  2 scorpions
  8 wights
  A bullfrog zombie (D:5)
  4 crimson imps
  3 hounds
  2 quasits
  5 orc priests
  3 jellies
  A bullfrog skeleton (D:7)
  6 orc wizards
  Jessica (D:2)
  Natasha (thrice) (D:2)
  5 worker ants
  A hound skeleton (D:7)
  Robin (D:2)
  4 gnolls (D:5)
  A howler monkey skeleton (D:5)
  10 adders
  A shadow imp (D:9)
  4 adder zombies
  An adder skeleton (D:4)
  A worm (D:2)
  2 dart slugs
  8 leopard geckos
  41 orcs
  3 ball pythons
  6 giant cockroaches
  19 goblins
  8 hobgoblins
  10 jackals
  2 quokkas (D:5)
  5 bats
  4 frilled lizards
  11 kobolds
  A quokka skeleton (D:9)
  6 rats
242 creatures vanquished.

Vanquished Creatures (others)
  8 foxfires (Bailey)
  50 fulminant prisms
58 creatures vanquished.

Grand Total: 300 creatures vanquished

Notes
Turn   | Place    | Note
-------+----------+-------------------------------------------
     0 | D:1      | lorenzova the Deep Elf Conjurer began the quest for the
                  | Orb.
     0 | D:1      | Reached XP level 1. HP: 10/10 MP: 6/6
   362 | D:1      | You fall into a shaft and drop 1 floor!
   390 | D:2      | Noticed Jessica
   405 | D:2      | Killed Jessica
   405 | D:2      | Reached skill level 5 in Conjurations
   405 | D:2      | Reached XP level 2. HP: 15/15 MP: 5/8
   405 | D:2      | Reached XP level 3. HP: 19/19 MP: 5/9
   444 | D:2      | Learned a level 2 spell: Searing Ray
   524 | D:2      | Noticed Natasha
   528 | D:2      | Killed Natasha
   677 | D:2      | Reached XP level 4. HP: 20/24 MP: 5/11
  1586 | D:2      | Noticed Natasha
  1586 | D:2      | Noticed Robin
  1733 | D:2      | Killed Natasha
  1733 | D:2      | Reached XP level 5. HP: 13/28 MP: 4/13
  1816 | D:2      | Killed Robin
  2238 | D:2      | Noticed Natasha
  2242 | D:2      | Killed Natasha
  2286 | D:3      | Found a transporter.
  2361 | D:3      | Found a transporter.
  3493 | D:4      | Reached skill level 5 in Spellcasting
  3493 | D:4      | Reached XP level 6. HP: 18/32 MP: 6/15
  3757 | D:4      | Learned a level 4 spell: Iskenderun's Mystic Blast
  3762 | D:4      | Learned a level 4 spell: Fulminant Prism
  3864 | D:4      | Noticed a sky beast
  3870 | D:4      | Killed a sky beast
  3971 | D:4      | Found a bloodstained altar of Trog.
  4152 | D:4      | Reached skill level 1 in Hexes
  4152 | D:4      | Reached XP level 7. HP: 36/36 MP: 13/18
  4650 | D:5      | Entered Level 5 of the Dungeon
  4662 | D:5      | Reached skill level 1 in Translocations
  4887 | D:5      | Found a white marble altar of Elyvilon.
  5275 | D:5      | Noticed Grinder
  5322 | D:5      | Killed Grinder
  5363 | D:5      | Reached XP level 8. HP: 41/41 MP: 8/21
  5683 | D:5      | Noticed Blork the orc
  5689 | D:5      | Killed Blork the orc
  6235 | D:6      | Noticed Pikel
  6240 | D:6      | Killed Pikel
  6240 | D:6      | Reached skill level 5 in Hexes
  6409 | D:6      | Found a staircase to the Ecumenical Temple.
  6424 | Temple   | Entered the Ecumenical Temple
  6646 | D:6      | Found an ornate altar of the Wu Jian Council.
  6759 | D:6      | Found Saseem's Distillery.
  6764 | D:6      | Bought a potion of heal wounds for 60 gold pieces
  6877 | D:6      | Reached XP level 9. HP: 45/45 MP: 18/23
  7504 | D:6      | Found a radiant altar of Vehumet.
  7504 | D:6      | Found a burning altar of Makhleb.
  7508 | D:6      | Reached skill level 5 in Translocations
  7515 | D:6      | Became a worshipper of Vehumet
  7987 | D:7      | Found Yzxanege's Jewellery Shoppe.
  7996 | D:7      | Noticed Prince Ribbit
  8013 | D:7      | Killed Prince Ribbit
  8013 | D:7      | Reached skill level 10 in Conjurations
  8317 | D:7      | Reached * piety under Vehumet
  8317 | D:7      | Offered knowledge of Foxfire by Vehumet.
  8338 | D:7      | Learned a level 1 spell: Foxfire
  8844 | D:8      | Reached skill level 1 in Fire Magic
  8892 | D:8      | Reached skill level 10 in Spellcasting
  9024 | D:8      | Found a flagged portal.
  9073 | Bailey   | Entered a bailey
  9082 | Bailey   | Reached XP level 10. HP: 38/50 MP: 16/26
 10426 | Bailey   | Reached ** piety under Vehumet
 10426 | Bailey   | Offered knowledge of Shock by Vehumet.
 10802 | D:8      | Found a transporter.
 10806 | D:8      | Noticed a two-headed ogre
 10818 | D:8      | Killed a two-headed ogre
 10963 | D:8      | Noticed a two-headed ogre
 10963 | D:8      | Noticed a fire dragon
 10965 | D:8      | Found a shimmering blue altar of Sif Muna.
 10966 | D:8      | Noticed a deep troll earth mage
 10979 | D:8      | Found a transporter.
 11370 | D:9      | Found a hide-covered altar of Uskayaw.
 11420 | D:9      | Found a transporter.
 11438 | D:9      | Found a snail-covered altar of Cheibriados.
 11582 | D:9      | Found a roughly hewn altar of Beogh.
 11582 | D:9      | Found a transporter.
 11741 | D:9      | Found a runed translucent gate.
 11742 | D:9      | Found an opulent altar of Gozag.
 11743 | D:9      | Found a runed translucent gate.
 11750 | D:9      | Noticed sinister's ghost (novice GrFi)
 11772 | D:9      | Found a runed translucent gate.
 12086 | D:9      | Found a staircase to the Lair.
 12165 | D:9      | Reached skill level 5 in Fire Magic
 12205 | D:9      | Found a glowing golden altar of the Shining One.
 12388 | D:9      | Mangled by a merfolk

Illustrated notes

Levels and vault maps discovered:
D:1:      minmay_arrival_open_corners, layout_basic
D:2:      layout_rooms, first_ration, uniq_natasha, uniq_jessica, uniq_robin
D:3:      gammafunk_steamed_eel, layout_basic
D:4:      layout_basic, bloody_trog
D:5:      layout_layer_cave, lemuel_doored_altar, st_stairs_4,
          uniq_blork_the_orc, uniq_grinder
D:6:      layout_loops_corners, grunt_temple_overflow_lords_of_destruction,
          nicolae_overflow_crystal_walls, minmay_temple_entry_statues_fountains,
          serial_shops, shop, uniq_pikel
D:7:      layout_loops_cross, serial_shops, shop, uniq_prince_ribbit1
D:8:      gammafunk_sealed_arena, layout_loops_corners, lemuel_round_altar,
          enter_bailey_3
D:9:      gammafunk_beogh_shrine, layout_loops_cross,
          eat_drink_and_be_merry_uskayaw, kennysheep_mini_moat,
          lemuel_round_altar, david_lair_generic, ebering_ghost_gozag,
          hangedman_fish_farm
Temple:   dpeg_chambers_temple

Skill      XL: |  1  2  3  4  5  6  7  8  9 10 |
---------------+-------------------------------+-----
Conjurations   | 5 6 7 8 9 10 11 | 11.2
Spellcasting   | 4 5 6 7 8 10 11 | 11.3
Hexes          | 1 3 5 7 9 |  9.0
Translocations | 2 4 6 7 |  7.7
Fire Magic     | 2 5 |  5.1
Dodging        | |  2.4
Stealth        | |  2.4

Action                   |  1- 3 |  4- 6 |  7- 9 | 10-12 || total
-------------------------+-------+-------+-------+-------++-------
Melee: Hand axe          |       |     2 |       |       ||     2
       Whip              |       |       |     4 |       ||     4
 Cast: Magic Dart        |    30 |   132 |   153 |    96 ||   411
       Searing Ray       |       |    12 |    45 |    24 ||    81
       Fulminant Prism   |       |       |     8 |    42 ||    50
       Iskenderun's Myst |       |       |     1 |       ||     1
       Foxfire           |       |       |       |     5 ||     5
  Use: Scroll            |       |     1 |     6 |     1 ||     8
 Stab: Sleeping          |       |     1 |       |       ||     1
  Eat: Chunk             |       |     9 |    12 |    10 ||    31
       Ration            |       |       |     1 |       ||     1
Armor: Robe              |       |     4 |     3 |     1 ||     8
Dodge: Dodged            |     7 |    18 |    22 |     4 ||    51
Block: Other             |       |       |       |     2 ||     2
